Map: Galactic Process LE

Players

PaWn - Winner!

  • Race: Zerg Zerg
  • League: Diamond

Trizztein

  • Race: Terran Terran
  • League: Diamond

VOD

Have the link to the VOD?

Description

Time

  • Played on: Sept. 3, 2016, 1:19 p.m.
  • Length: 13:41
Show
View Real Time Build Order
Export as new Build Order

PaWn Zerg - Winner!

Build Orders: Hatch First, Muta Ling Bane 

Get SALT Encoding   

  12  0:00  Drone  
  13  0:13  Overlord  
  13  0:18  Drone  
  14  0:32  Drone x2  
  14  0:35  Drone  
  17  0:55  Hatchery  
  16  0:57  Drone  
  16  1:03  Drone  
  16  1:04  Extractor  
  17  1:17  Spawning Pool  
  16  1:20  Drone  
  16  1:25  Drone  
  18  1:32  Drone  
  19  1:39  Overlord  
  19  2:04  Queen  
  19  2:05  Zergling x4  
  19  2:06  Queen  
  25  2:11  Metabolic Boost  
  25  2:14  Drone  
  26  2:18  Drone  
  26  2:21  Drone  
  28  2:28  Drone  
  30  2:30  Drone  
  30  2:35  Drone  
  31  2:42  Drone  
  32  2:48  Drone  
  33  2:54  Overlord  
  33  2:55  Drone  
  34  3:04  Lair  
  34  3:06  Drone x2  
  36  3:14  Drone  
  36  3:15  Drone x3  
  36  3:16  Overlord  
  40  3:20  Drone  
  40  3:21  Drone  
  40  3:25  Overlord  
  42  3:31  Overlord  
  42  3:32  Drone  
  43  3:36  Extractor  
  43  3:37  Drone  
  43  3:38  Extractor, Baneling Nest  
  41  3:48  Drone x3  
  44  3:56  Zergling x8  
  44  3:57  Zergling x2  
  49  4:09  Spire  
  48  4:12  Hatchery  
  47  4:19  Spore Crawler  
  47  4:20  Spore Crawler  
  47  4:21  Overseer  
  45  4:28  Drone x3  
  45  4:29  Drone x2  
  50  4:31  Drone  
  51  4:38  Overseer  
  51  4:44  Zergling x8  
  55  4:47  Overlord  
  55  4:49  Overlord  
  55  4:55  Queen  
  57  5:13  Drone x2  
  57  5:14  Extractor  
  58  5:20  Mutalisk x3  
  58  5:21  Mutalisk x2  
  64  5:24  Drone x2  
  64  5:27  Queen  
  72  5:29  Drone  
  72  5:30  Drone  
  74  5:43  Mutalisk  
  74  5:46  Zergling x10  
  74  5:47  Zergling x2  
  77  5:58  Mutalisk x2  
  77  6:06  Evolution Chamber  
  77  6:07  Drone x2  
  77  6:08  Drone x4  
  77  6:09  Evolution Chamber  
  81  6:15  Drone  
  81  6:16  Overlord  
  81  6:17  Overlord x2  
  82  6:31  Overlord x2  
  80  6:40  Drone x2  
  80  6:41  Drone x4  
  86  6:57  Drone x2  
  86  6:58  Drone x3  
  86  6:59  Extractor  
  86  7:01  Queen, Extractor  
  89  7:04  Drone x4  
  95  7:09  Drone  
  95  7:10  Drone x3  
  99  7:16  Hatchery  
  98  7:37  Infestation Pit  
  97  7:38  Drone x3  
  97  7:39  Drone x5  
  97  7:40  Zerg Ground Armor Level 1, Zerg Melee Weapons Level 1  
  97  7:41  Zerg Flyer Weapons Level 1  
  97  7:43  Spire, Drone x5  
  109  7:46  Mutalisk x3  
  115  7:58  Overlord  
  115  8:08  Zergling x14  
  122  8:18  Overlord, Drone x4  
  122  8:19  Overlord, Extractor  
  125  8:20  Extractor  
  125  8:22  Hive  
  125  8:23  Pneumatized Carapace  
  125  8:25  Hatchery  
  125  8:26  Drone  
  124  8:40  Zergling x4  
  124  8:41  Zergling x16  
  129  8:42  Zergling x2  
  129  8:43  Overseer  
  129  8:48  Queen  
  135  9:14  Overlord x3  
  134  9:21  Baneling  
  134  9:22  Baneling x5  
  134  9:28  Drone  
  134  9:29  Overlord x5, Drone x3  
  134  9:30  Overlord  
  138  9:33  Drone  
  138  9:37  Extractor x2  
  129  9:42  Corruptor x7, Greater Spire  
  129  9:43  Corruptor x2  
  146  9:49  Centrifical Hooks  
  146  9:51  Zergling x8  
  146  9:52  Zergling x4  
  152  9:53  Overseer  
  152  9:54  Overseer x2  
  152  9:59  Zerg Flyer Armor Level 1  
  152  10:01  Drone x2  
  152  10:04  Drone x2  
  156  10:34  Corruptor x4  
  164  10:53  Brood Lord x9  
  182  11:00  Corruptor x5  
  192  11:14  Brood Lord  
  192  11:15  Brood Lord x2  
  195  11:36  Zerg Missile Weapons Level 1  
  195  11:40  Evolution Chamber  
  189  12:00  Corruptor  
  189  12:01  Corruptor x6  
  183  12:04  Hatchery  
  183  12:07  Zergling x8  
  183  12:08  Zergling x6  
  199  12:11  Hatchery  
  177  12:21  Zergling x6  
  177  12:22  Zergling x12  
  182  12:25  Corruptor x6  
  194  12:36  Corruptor x3  
  189  12:43  Brood Lord  
  181  13:04  Corruptor x3  
  181  13:05  Corruptor x2  
Show
View Real Time Build Order
Export as new Build Order

Trizztein Terran 

Build Orders: Reaper Expand, Hellion Banshee, Mech 

Get SALT Encoding   

  12  0:00  SCV  
  13  0:12  SCV  
  14  0:17  Supply Depot  
  14  0:25  SCV  
  15  0:39  Barracks, SCV  
  16  0:45  Refinery  
  16  0:51  SCV  
  17  1:03  SCV  
  18  1:15  SCV  
  19  1:28  Orbital Command, Reaper  
  20  1:42  Command Center  
  20  1:53  Supply Depot, SCV  
  21  2:00  Marine  
  22  2:06  SCV  
  23  2:10  Factory  
  23  2:18  SCV  
  23  2:19  Refinery  
  24  2:22  Barracks Reactor  
  24  2:30  SCV  
  26  2:44  SCV  
  26  2:53  Starport  
  26  2:56  SCV  
  26  2:57  Orbital Command  
  27  3:05  Hellion x2  
  30  3:08  SCV  
  31  3:14  Barracks Tech Lab  
  31  3:21  SCV  
  31  3:24  SCV  
  31  3:26  Hellion  
  31  3:27  Hellion  
  37  3:33  SCV  
  38  3:36  SCV  
  39  3:45  SCV  
  39  3:48  SCV  
  40  3:51  Banshee, Armory  
  40  3:52  Cloaking Field  
  43  3:58  SCV  
  43  3:59  Supply Depot  
  43  4:00  Supply Depot  
  44  4:15  SCV x2  
  46  4:19  Armory  
  46  4:25  Supply Depot  
  46  4:26  Supply Depot  
  46  4:27  SCV  
  46  4:28  SCV  
  46  4:30  Command Center, Barracks Tech Lab  
  48  4:33  Hellion  
  50  4:39  Hellion  
  50  4:43  SCV x2  
  54  4:55  SCV x2  
  56  5:02  Refinery  
  56  5:03  Refinery  
  56  5:06  Factory  
  56  5:07  SCV x2  
  58  5:14  Factory  
  58  5:19  Barracks Tech Lab, SCV x2  
  60  5:31  SCV x2  
  60  5:34  Banshee  
  65  5:42  Supply Depot  
  65  5:43  Supply Depot, SCV x2  
  65  5:45  Armory  
  65  5:48  Engineering Bay  
  67  5:55  SCV  
  65  6:02  Orbital Command, SCV  
  54  6:09  Thor  
  60  6:15  Missile Turret x2  
  60  6:16  Missile Turret  
  60  6:20  Missile Turret  
  60  6:21  Missile Turret  
  60  6:31  SCV x3  
  56  6:41  Hellion x2  
  56  6:43  SCV x3  
  62  6:50  Barracks Reactor  
  59  6:55  SCV x3  
  62  7:07  SCV x2  
  64  7:09  Terran Vehicle Weapons Level 1  
  64  7:12  SCV  
  65  7:17  Supply Depot  
  65  7:18  Supply Depot  
  65  7:19  SCV x2  
  67  7:28  Orbital Command  
  64  7:31  SCV x2  
  64  7:32  Siege Tank  
  64  7:33  Hellion  
  64  7:34  Hellion, Siege Tank  
  76  7:39  Missile Turret x2  
  76  7:40  Factory  
  76  7:43  SCV  
  77  7:45  Armory  
  77  7:47  SCV  
  77  7:49  Supply Depot  
  78  7:51  Supply Depot  
  78  7:55  SCV  
  78  7:56  SCV  
  80  8:00  Factory  
  80  8:01  SCV  
  80  8:03  Starport Reactor  
  81  8:07  SCV  
  81  8:10  SCV  
  83  8:14  Refinery, Supply Depot  
  83  8:16  Refinery  
  83  8:19  Missile Turret  
  83  8:22  Hellion x2  
  87  8:29  Sensor Tower, Liberator  
  85  8:39  Siege Tank x2  
  88  8:41  SCV  
  88  8:42  SCV  
  88  8:43  Hellion x2  
  88  8:45  Hellion x2  
  88  8:47  SCV  
  102  8:54  SCV  
  103  9:02  Starport  
  103  9:03  Terran Vehicle And Ship Armor Level 1, Terran Vehicle Weapons Level 2  
  103  9:04  Hellion  
  103  9:06  Command Center, Hellion x2  
  111  9:10  Hellion x2  
  111  9:11  Hellion  
  111  9:12  Hellion  
  117  9:25  Liberator x2  
  117  9:26  Missile Turret  
  117  9:27  Siege Tank  
  120  9:34  Thor, Hellion x4  
  120  9:36  Siege Tank  
  137  9:41  Infernal Pre-Igniter  
  137  9:44  Starport Reactor  
  143  9:50  Starport  
  143  10:04  Command Center  
  143  10:09  Command Center  
  143  10:10  Missile Turret, Siege Tank  
  143  10:11  Hellion  
  148  10:14  Missile Turret  
  148  10:18  Hellion x4  
  156  10:28  Hellion  
  156  10:32  Hellion  
  158  10:39  Planetary Fortress  
  158  10:40  Hellion  
  158  10:41  Siege Tank  
  163  10:51  Missile Turret  
  163  10:53  Refinery  
  163  10:54  Refinery  
  163  10:59  Missile Turret  
  163  11:06  Missile Turret  
  163  11:12  Missile Turret  
  163  11:14  Viking, Hellion  
  163  11:15  Thor, Viking, Hellion  
  163  11:16  Viking, Hellion x2, Starport Tech Lab  
  177  11:25  Supply Depot  
  169  11:26  Terran Ship Weapons Level 1  
  169  11:27  Liberator  
  169  11:28  Orbital Command  
  169  11:30  Orbital Command  
  169  11:34  Viking  
  171  11:41  Viking  
  176  11:51  Viking x2  
  154  12:09  Viking  
  154  12:11  Viking  
  150  12:21  Viking  
  132  12:24  Viking  
  132  12:27  Viking  
  132  12:28  Thor  
  132  12:29  Hellion  
  134  12:39  Viking  
  134  12:41  Viking  
  127  12:49  Widow Mine  
  127  12:50  Hellion x2, Widow Mine  
  127  12:51  Viking  
  117  12:54  Viking  
  117  12:57  Viking  
  113  13:09  Viking  
  113  13:11  Viking  
Tags
 
Add a new tag
Caveats
  • Supply blocks, unpowered buildings, or Contaminate may cause inaccurate times.
  • Supply counts are checked every 10 seconds.